Bacon, Lady of the Pigs, lawful female dwarven Valkyrie ---- ---- ---- --- --- ---..| --- ---------------..|--- |..| ---..-- -------.--- --- --....---.----- --................--.--- |..-----.)...||...........|-..| |...........a@- |......................| --....--.....---...........|... |..--.......!... |.--------.....>.......---...........--|..............- --- |............ |.| |.....--...|............|.|..| -.............- --........... --*| ----....--|...|--.........------- |.......|......| --.......... |..| --.|..)..| ---.--.........---.-- |...----|......| |....... ---..| |....^..)| ...........|...| ---.--- ---....--- ---.......----- |...-- --..)....| ......--..-|...---|...| |.....-- |.............| |.--- |...|.--- ......| ---.....||.--- ---.|...| |..........--.---|.| --..|-- --....| |...---.--.| |...|...| --..............||.| ---- |..-- ----- |....|---.-----....| ---.--..--- ---.--......--.--.| |..---...---.|.| ---.--|...| |..-..| |.%.|--.| -----..----|....| |..............| |...|.--- |..*..---.--- |.-- --- |..| ---..-----............| ---[..| |...^.....| |..|-..| |.!| |...| -----........| |...-- --....----- --.|...-- --..| |(.......| |....-- ------ --.<...| |..| ----....-- --....| |.....| ---- ---..| --.|*| ---..-- ---- ----- --- Bacon, Lady of the Pigs the Fighter Experience level: 6 Strength: 16 Dexterity: 12 Constitution: 20 Intelligence: 7 Wisdom: 10 Charisma: 8 Health: 0(71) Energy: 12(12) Def: 8 Gold: 328 Moves: 3445 Dungeon seed: MrykTxb8usok5VXJ Game ID: Bacon, Lady of the Pigs_1514996331 Your Inventory: Coins $ - 328 gold pieces Weapons a - an uncursed +1 long sword (weapon in hand) b - a blessed +0 dagger (in quiver) K - an uncursed +0 dart of fire Armor e - a blessed +3 small shield (being worn) q - an uncursed +1 studded leather armor (being worn) Comestibles c - an uncursed food ration Scrolls g - 2 uncursed scrolls of blank paper l - a blessed scroll of create monster t - an uncursed scroll of identify x - an uncursed scroll of fire y - a cursed scroll of blank paper H - an uncursed scroll of enchant weapon Spellbooks C - a blessed spellbook of clairvoyance L - an uncursed spellbook of magic missile Potions j - an uncursed potion of full healing k - an uncursed potion of object detection o - a cursed potion of gain energy E - an uncursed potion of see invisible I - an uncursed potion of monster detection Wands h - an uncursed wand of opening (0:7) Tools w - an uncursed skeleton key F - a blessed magic lamp (lit) Gems Y - 2 uncursed opals Spells and supernatural/magical abilities: Spells marked with '*' are forgotten. Spells marked with '!' are maintained. Spells marked with '#' are aliased with 'castalias'. Name Level Category Fail Memory W - pray for help -- divine ? -- Your skills at the end: Fighting Skills wands [Basic] Weapon Skills dagger [Basic] long sword [Skilled] Spellcasting Skills Final Attributes: You were immune to cold. You had infravision. You were stealthy. You were lucky. You last prayed just now. You are dead. Vanquished creatures: a giant spider a Green-elf a jaguar a blue jelly a plains centaur a snake an orc shaman a pony a fog cloud a shrieker a violet fungus a gnomish wizard a gray ooze 3 elf zombies a baby crocodile a giant ant a kitten a homunculus a kobold lord a kobold shaman a giant bat a monkey 2 iguanas 4 coyotes a large kobold a hobgoblin a giant rat 2 cave spiders a brown mold 9 gnomes a gnome zombie 3 geckos 4 jackals 3 foxes 2 kobolds a goblin 3 sewer rats 9 grid bugs a bat 5 lichens 3 kobold zombies 7 newts 87 creatures vanquished. Voluntary challenges: You used a wielded weapon 98 times, starting on turn 1. You read items or engraved 2 times, starting on turn 1131. You never genocided any monsters. You never polymorphed an object. You never changed form. You used no wishes. You never split a pudding. You never wrote Elbereth's name. You never violated your personal moral code. Dungeon overview: The Dungeons of Doom: levels 1 to 2 Level 1 a long staircase Level 2 a general store, a sink stairs to The Gnomish Mines The Gnomish Mines: levels 3 to 8 Level 3 stairs to The Dungeons of Doom Level 4 Level 5 some shops, a temple to Tyr, some fountains Level 6 Level 7 Level 8 <- You were here History has recorded: On T:1 you entered the Dungeons of Doom to retrieve the Amulet of Yendor! On T:280 you advanced to experience level 2. On T:427 you reached level 2 of The Dungeons of Doom. On T:533 you advanced to experience level 3. On T:791 you reached level 1 of The Gnomish Mines. On T:1287 you reached level 2 of The Gnomish Mines. On T:1364 you reached level 3 of The Gnomish Mines. On T:1463 you advanced to experience level 4. On T:1888 you reached level 4 of The Gnomish Mines. On T:2435 you advanced to experience level 5. On T:2600 you reached level 5 of The Gnomish Mines. On T:2953 you reached level 6 of The Gnomish Mines. On T:3031 you advanced to experience level 6. Score breakdown: Gold: 328 ( 8562 points) Experience: 6 levels (12456 points) Exploration: 8 levels ( 15.69%) (11224 points) Discoveries: 23 items ( 9.24%) ( 9117 points) Valuables value: (no points given unless you survive) Artifact value: 0 ( 0 points) Variety of kills: 42 monsters ( 11.05%) ( 9973 points) Turncount: 3445 turns ( -804 points) Survival: died (score multiplied by 80%) Total score: 40422 Latest messages: The soldier ant bites! The soldier ant stings! The soldier ant bites! The soldier ant stings! You miss the soldier ant. The soldier ant bites! The soldier ant just misses! You hit the soldier ant! The soldier ant bites! The soldier ant stings! The soldier ant bites! The soldier ant stings! You begin praying to Tyr. You are surrounded by a shimmering light. The soldier ant starts to attack you, but pulls back. (4x) You feel that Tyr is well-pleased. You miss the soldier ant. The soldier ant bites! The soldier ant stings! The soldier ant bites! You die... Final status: Farvel Bacon, Lady of the Pigs the Valkyrie, killed by a soldier ant... You died in The Gnomish Mines on dungeon level 8 with 40422 points, and 328 pieces of gold, after 3445 moves. You were level 6 with a maximum of 71 hit points when you died.